 Dungeon Crawl Stone Soup version 0.30-a0-743-gbfdf073431 (webtiles) character file.

Game seed: 7276902577983047469

411921 DEFE the Axe Maniac (level 24, -11/168 (205) HPs)
             Began as a Formicid Fighter on Feb 8, 2023.
             Was a High Priest of Okawaru.
             Killed from afar by a Tzitzimitl (38 damage)
             ... with a bolt of negative energy
             ... called by a doom hound
             ... on level 2 of the Depths.
             The game lasted 00:54:53 (69184 turns).

DEFE the Axe Maniac (Formicid Fighter)             Turns: 69184, Time: 00:54:54

HP:   -11/168 (205) AC: 33    Str: 31    XL:     24   Next: 66%
MP:   6/35          EV: 13    Int: 10    God:    Okawaru [*****.]
Gold: 2880          SH: 18    Dex: 13    Spells: 23/23 levels left

rFire   + + .      SeeInvis +    a - +9 battleaxe (vamp)
rCold   + + +      Faith    .    Y - +0 kite shield {reflect}
rNeg    . . .      Spirit   .    T - +11 scale mail of the Assorted Mouths {rF+ Will+ SInv}
rPois   +          Reflect  +    (helmet unavailable)
rElec   +          Harm     .    W - scarf {rC+ rF+}
rCorr   .          Rampage  ∞    I - +3 Mad Mage's Maulers {Infuse+∞ VampMP -Cast}
Will    +++..      NoCast   +    h - +3 pair of seven-league boots {Rampage+∞}
Stlth   +                        f - amulet "Zotopepei" {rElec Regen+}
HPRegen 1.28/turn                g - ring "Ripn" {Fly rC++}
MPRegen 0.24/turn                D - ring of poison resistance

@: heroic, flying, studying 4 skills, heavily drained
A: permanent stasis, dig shafts and tunnels, antennae 3, four strong arms
}: 2/15 runes: barnacled, gossamer
a: Dig, Shaft Self, Renounce Religion, Heroism, Finesse, Duel


You were on level 2 of the Depths.
You worshipped Okawaru.
Okawaru was extremely pleased with you.
You visited 9 branches of the dungeon, and saw 40 of its levels.
You also visited: Bailey, Ice Cave and Wizlab.

You collected 5776 gold pieces.
You spent 2896 gold pieces at shops.

Inventory:

Hand Weapons
 a - a +9 vampiric battleaxe (weapon)
 n - a +8 executioner's axe of flaming
Missiles
 c - 3 throwing nets
 R - 3 curare-tipped darts
Armour
 h - the +3 pair of seven-league boots (worn) {Rampage+∞}
   (Okawaru gifted it to you on level 1 of the Spider Nest)

   Rampage+∞: When moving toward enemies, its wearer moves as far as possible.
 m - the +1 cloak of Heopp {-Tele rElec rCorr Str+3 Stlth+}
   (Okawaru gifted it to you on level 13 of the Dungeon)

   Str:       It affects your strength (+3).
   rElec:     It insulates you from electricity.
   -Tele:     It prevents most forms of teleportation.
   rCorr:     It protects you from acid and corrosion.
   Stlth:     It makes you more stealthy.
 E - a +2 plate armour of poison resistance
 I - the +3 Mad Mage's Maulers (worn) {Infuse+∞ VampMP -Cast}
   (You acquired it in a bailey)

   Infuse+∞: It empowers its wearer's blows with all of their magic.
   VampMP:    Blows struck in melee replenish the wearer's magic.
   -Cast:     It prevents spellcasting.
 M - a +1 pair of boots of flying
 T - the +11 scale mail of the Assorted Mouths (worn) {rF+ Will+ SInv}
   (You found it on level 11 of the Dungeon)

   rF:        It protects you from fire.
   SInv:      It lets you see invisible.
   Will:      It increases your willpower.
 W - a scarf of resistance (worn)
 Y - a +0 kite shield of reflection (worn)
Jewellery
 f - the amulet "Zotopepei" (around neck) {rElec Regen+}
   (You acquired it on level 3 of the Dungeon)

   [amulet of regeneration]

   rElec:     It insulates you from electricity.
   Regen:     It increases your rate of health regeneration.
 g - the ring "Ripn" (left hand) {Fly rC++}
   (You bought it in a shop on level 4 of the Vaults)

   [ring of flight]

   rC:        It greatly protects you from cold.
   Fly:       It grants you flight.
 D - a ring of poison resistance (right hand)
 S - a +4 ring of protection
 U - a ring of protection from cold
 Z - a ring of protection from fire
Wands
 p - a wand of acid (28)
 t - a wand of roots (47)
 Q - a wand of mindburst (47)
 V - a wand of polymorph (23)
 X - a wand of digging (10)
Scrolls
 b - a scroll of brand weapon
 e - 10 scrolls of amnesia
 i - 8 scrolls of fog
 r - 12 scrolls of noise
 s - 6 scrolls of vulnerability
 v - 11 scrolls of immolation
 x - 6 scrolls of magic mapping
 y - 11 scrolls of enchant armour
 F - 10 scrolls of poison
 H - a scroll of silence
 K - 16 scrolls of identify
 O - 6 scrolls of fear
Potions
 d - 6 potions of might
 j - 10 potions of flight
 k - 18 potions of curing
 l - 2 potions of invisibility
 o - 4 potions of magic
 q - 2 potions of resistance
 w - 8 potions of lignification
 z - 6 potions of ambrosia
 A - 8 potions of mutation
 B - 10 potions of heal wounds
 C - 11 potions of attraction
 G - 9 potions of brilliance
 J - 3 potions of haste
 P - a potion of berserk rage
Miscellaneous
 u - a phantom mirror
 L - a condenser vane
 N - a phial of floods


   Skills:
 - Level 20.3(25.3) Fighting
 O Level 27 Axes
 + Level 17.6(22.6) Armour
 - Level 22.7(27) Shields
 - Level 16.0 Invocations
 - Level 8.7 Evocations


You had 23 spell levels left.
You didn't know any spells.
Your spell library contained the following spells:

 Spells                   Type           Power      Damage    Failure   Level
 Apportation              Tloc           0%         N/A       50%         1
 Beastly Appendage        Tmut           0%         N/A       50%         1
 Kiss of Death            Conj/Necr      0%         2d5       50%         1
 Sandblast                Erth           0%         2d4       50%         1
 Sting                    Tmut/Pois      0%         1d3       50%         1
 Cigotuvi's Dreadful Rot  Necr/Pois/Air  0%         N/A       63%         2
 Ensorcelled Hibernation  Hex/Ice        0%         N/A       63%         2
 Passwall                 Tmut/Erth      0%         N/A       63%         2
 Poisonous Vapours        Pois/Air       0%         N/A       63%         2
 Scorch                   Fire           0%         2d5       63%         2
 Static Discharge         Conj/Air       0%         2-2/arc   63%         2
 Sublimation of Blood     Necr           0%         N/A       63%         2
 Wereblood                Tmut           0%         N/A       63%         2
 Confusing Touch          Hex            0%         N/A       86%         3
 Dazzling Flash           Conj/Hex       0%         N/A       86%         3
 Hailstorm                Conj/Ice       0%         3d3       86%         3
 Ignite Poison            Fire/Tmut/Pois 0%         N/A       86%         3
 Inner Flame              Hex/Fire       0%         N/A       86%         3
 Portal Projectile        Hex/Tloc       0%         N/A       86%         3
 Spider Form              Tmut/Pois      0%         N/A       86%         3
 Stone Arrow              Conj/Erth      0%         3d7       86%         3
 Airstrike                Air            0%         2d(0-16)  99%         4
 Anguish                  Hex/Necr       0%         N/A       99%         4
 Cause Fear               Hex            0%         N/A       99%         4
 Dispel Undead            Necr           0%         3d6       99%         4
 Flame Wave               Conj/Fire      0%         2d4       99%         4
 Ice Form                 Ice/Tmut       0%         N/A       99%         4
 Iskenderun's Mystic Bla  Conj/Tloc      0%         2d3       99%         4
 Olgreb's Toxic Radiance  Pois           0%         N/A       99%         4
 Alistair's Intoxication  Tmut/Pois      0%         N/A       100%        5
 Blade Hands              Tmut           0%         N/A       100%        5
 Borgnjor's Vile Clutch   Necr/Erth      0%         N/A       100%        5
 Fireball                 Conj/Fire      0%         3d3       100%        5
 Irradiate                Conj/Tmut      0%         3d11      100%        5
 Iskenderun's Battlesphe  Conj           0%         2d6       100%        5
 Lee's Rapid Deconstruct  Erth           0%         3d4*      100%        5
 Lightning Bolt           Conj/Air       0%         1d11      100%        5
 Silence                  Hex/Air        0%         N/A       100%        5
 Yara's Violent Unravell  Hex/Tmut       0%         3d3       100%        5
 Conjure Ball Lightning   Conj/Air       0%         3x3d6     100%        6
 Eringya's Noxious Bog    Tmut/Pois      0%         N/A       100%        6
 Starburst                Conj/Fire      0%         6d3       100%        6
 Statue Form              Tmut/Erth      0%         N/A       100%        6
 Dragon Form              Tmut           0%         N/A       100%        7
 Enfeeble                 Hex            0%         N/A       100%        7
 Ozocubu's Refrigeration  Ice            0%         4d7       100%        7
 Discord                  Hex            0%         N/A       100%        8
 Disjunction              Tloc           0%         N/A       100%        8
 Ignition                 Fire           0%         3d3       100%        8
 Necromutation            Tmut/Necr      0%         N/A       100%        8
 Chain Lightning          Conj/Air       0%         N/A       100%        9
 Fire Storm               Conj/Fire      0%         5d1       100%        9
 Shatter                  Erth           0%         3d5*      100%        9
 Swiftness                Air            Unusable   N/A       N/A         3
 Tukima's Dance           Hex            Unusable   N/A       N/A         3
 Animate Dead             Necr           Unusable   N/A       N/A         4
 Summon Lightning Spire   Summ/Air       Unusable   N/A       N/A         4
 Summon Forest            Summ/Tloc      Unusable   N/A       N/A         5
 Death Channel            Necr           Unusable   N/A       N/A         6
 Summon Hydra             Summ           Unusable   N/A       N/A         7

Dungeon Overview and Level Annotations

Branches:
Dungeon (15/15)            Temple (1/1) D:6            Lair (5/5) D:11
 Shoals (4/4) Lair:3       Spider (4/4) Lair:2        Slime (0/5) Lair:4
    Orc (2/2) D:10            Elf (3/3) Orc:2        Vaults (4/5) D:13
  Crypt (0/3) Vaults:3     Depths (2/4) D:15         Bailey (visited)
  IceCv (visited)          WizLab (visited)

Altars:
Ashenzari
Cheibriados
Dithmenos
Elyvilon
Fedhas
Gozag
Hepliaklqana
Kikubaaqudgha
Makhleb
Nemelex Xobeh
Okawaru
Qazlal
Ru
Sif Muna
Trog
Uskayaw
Vehumet
Wu Jian
Xom
Yredelemnul
Zin
The Shining One
Jiyva

Shops:
D:5 *   D:6 ?   Orc:2 !=[:*:[(   Elf:2 (   Shoals:3 (*[*   Vaults:1 *
Vaults:4 =:?*

Portals:
Hell: Depths:1
Abyss: Depths:1
Trove: D:13 (give +6 demon trident)

Annotations:
D:6 1 runed translucent door, Bnni's ghost, novice DEHu
D:8 3 runed translucent doors, fly's ghost, novice DgDe
D:13 3 runed translucent doors, exclusion: obsidian statue, Ijustatesigmund's ghost, journeyman DECj
Lair:2 1 runed translucent door


Innate Abilities, Weirdness & Mutations

You cannot be hasted, slowed, berserked, paralysed or teleported.
You can dig through walls and to a lower floor.
You have a pair of large antennae on your head. (SInv)
Your four strong arms can wield two-handed weapons with a shield.


Message History

You now have 1/35 mp.
You closely miss the tormentor. You slash the bone dragon!
You slash the Tzitzimitl!
The Tzitzimitl calls on the powers of darkness!
Your body is wracked with pain!
The bone dragon bites you but does no damage.
The bone dragon claws you but does no damage.
The bone dragon tramples you but does no damage.
The tormentor calls on the powers of darkness!
Your body is wracked with pain!
* * * LOW HITPOINT WARNING * * *
You take 124 damage, and have 44/177 hp.
MASSIVE DAMAGE!!
You are too injured to fight recklessly!
Unknown command.
You are too injured to fight recklessly!
You hit the Tzitzimitl. You slash the bone dragon! You slash the tormentor!
You kill the tormentor!
Okawaru accepts your kill.
The Tzitzimitl calls on the powers of darkness!
Your body is wracked with pain!
* * * LOW HITPOINT WARNING * * *
You block the bone dragon's attack. x3
You take 20 damage, and have 24/179 hp.
You now have 0/35 mp.
You slice the Tzitzimitl!! You slash the bone dragon!
The Tzitzimitl engulfs you but does no damage.
You block the Tzitzimitl's attack.
Unknown command.
You completely miss the Tzitzimitl. You slice the bone dragon!!
The bone dragon barely misses you. The bone dragon closely misses you.
The bone dragon tramples you but does no damage.
You regained 3 mp, and now have 4/35 mp.
Unknown command.
Unknown command.
You open the Tzitzimitl like a pillowcase!!!
You completely miss the bone dragon. The Tzitzimitl gestures at you.
The bolt of negative energy hits you!!!
You feel drained.
You die...

######### #.......#
#.......+ #...[...#
#.......# #
#...D...#####.###
+...@1..'.[.)...#
#.......###)###...+
######### #.# # .§.
#.## #.# #.# ...


You could see a bone dragon and a Tzitzimitl.

Vanquished Creatures
  Mara (Vaults:4)
  Nikola (Vaults:3)
  A hellephant (Vaults:4)
  2 doom hounds (Depths:2)
  Grunn (Depths:2)
  3 deep elf blademasters
  2 deep elf master archers (Elf:3)
  A titan (Vaults:3)
  Kirke (Shoals:4)
  6 sphinxes
  Donald (Shoals:1)
  Roxanne (Elf:1)
  A fire giant (Depths:1)
  A draconian knight (WizLab)
  Aizul (Spider:3)
  5 emperor scorpions (Spider:4)
  2 frost giants
  11 vault wardens
  7 orc warlords
  3 ghost moths
  9 ironbound preservers
  8 deep elf sorcerers (Elf:3)
  A draconian scorcher (WizLab)
  5 deep elf elementalists
  A reaper (Depths:1)
  A war gargoyle (Vaults:1)
  The ghost of Querens the Unseen, an adept SpEn of Wu Jian (Spider:4)
  3 stone giants (Depths:1)
  15 very ugly things
  9 ironbound thunderhulks
  2 broodmothers
  Azrael (D:13)
  A putrid mouth (Depths:1)
  5 deep elf demonologists
  8 purple draconians (WizLab)
  A bunyip (shapeshifter) (Vaults:2)
  2 minotaurs (Shoals:4)
  9 spark wasps
  11 dire elephants
  5 deep elf annihilators (Elf:3)
  Snorg (Orc:2)
  6 deep elf death magi (Elf:3)
  9 statues (WizLab)
  4 ettins
  2 fire dragons (Depths:1)
  10 merfolk impalers
  A merfolk javelineer (Shoals:4)
  6 deep elf high priests
  8 entropy weavers
  5 yaktaur captains
  9 great orbs of eyes
  9 vault guards
  4 hydras
  2 jorogumos
  2 merfolk avatars
  A peacekeeper (Vaults:3)
  3 ice dragons
  6 ogre magi
  13 centaur warriors
  A merfolk aquamancer (Shoals:4)
  24 two-headed ogres
  3 alligator snapping turtles
  34 dancing weapons
  A death knight (D:15)
  4 radroaches
  8 ironbound frosthearts
  14 satyrs
  An alligator (Shoals:1)
  A death scarab (Spider:1)
  13 boulder beetles
  16 death yaks
  5 deep troll shamans (Depths:1)
  6 tengu warriors
  2 deep troll earth magi
  A spriggan berserker (Depths:1)
  19 deep elf knights
  14 hell knights (Vaults:4)
  2 spectral ghost moths (Spider:4)
  2 spectral spark wasps (Spider:4)
  2 sun moths
  5 pharaoh ants
  Amaemon (Lair:3)
  3 flayed ghosts (Depths:1)
  4 iron trolls
  8 sea snakes
  28 deep trolls
  A glowing orange brain (Vaults:2)
  14 orb spiders
  13 deep elf archers
  19 orc knights
  6 wizards
  A glowing orange brain (shapeshifter) (Depths:1)
  2 swamp dragons (shapeshifter)
  4 steelbarb worms
  13 harpies
  2 necromancers (D:13)
  12 lindwurms
  Pikel (D:8)
  14 ironbound convokers
  A spectral broodmother (Spider:4)
  26 deep elf pyromancers
  19 wolf spiders
  17 ugly things
  21 manticores
  24 deep elf zephyrmancers
  An orc sorcerer (Orc:1)
  5 cyclopes
  4 moths of wrath
  18 fauns
  6 merfolk sirens (Shoals:4)
  7 elephants
  An ice statue (IceCv)
  An orange demon (Lair:3)
  3 water nymphs
  9 black mambas
  11 vault sentinels
  4 gargoyles
  7 torpor snails
  11 demonic crawlers
  Maurice (D:9)
  2 emperor scorpion simulacra (Spider:4)
  A cane toad (shapeshifter) (D:14)
  16 cane toads
  Maggie (D:8)
  23 yaktaurs
  A hellion (Vaults:4)
  A rime drake (Lair:3)
  A spark wasp simulacrum (Spider:4)
  2 freezing wraiths (D:15)
  8 komodo dragons
  A tormentor (Depths:2)
  2 ghost moth simulacra (Spider:4)
  24 tengu conjurers
  9 meliai
  5 hornets (Lair:5)
  38 merfolk
  13 polar bears
  7 trolls
  A broodmother simulacrum (Spider:4)
  37 tarantellas
  Prince Ribbit (D:8)
  5 blink frogs (Lair:4)
  4 wind drakes
  12 snapping turtles
  10 dream sheep
  12 spriggans (Lair:5)
  A shadow (D:12)
  3 air elementals
  20 culicivoras
  3 wyverns
  15 water elementals
  25 jumping spiders
  7 wraiths
  2 vampires
  23 slime creatures
  A basilisk (Lair:1)
  3 fire elementals
  20 humans
  54 yaks
  5 hogs (Shoals:4)
  4 fire bats (Lair:3)
  A hog (shapeshifter) (Elf:1)
  69 redbacks
  12 vampire mosquitoes
  2 steam dragons
  2 wargs
  An acid dragon (D:10)
  2 hell hounds (D:13)
  9 water moccasins
  2 ice beasts (D:6)
  32 orc warriors
  8 black bears
  10 boggarts
  47 wolves
  28 ogres
  4 centaurs
  3 lemures (D:8)
  3 phantoms (D:6)
  6 kobold brigands
  11 bullfrogs
  A gnoll sergeant (D:11)
  A scorpion (D:4)
  Blork the orc (D:6)
  3 necrophages
  4 earth elementals
  9 wights
  12 killer bees
  2 electric eels
  2 howler monkeys
  4 hounds
  14 orc priests
  2 jellies
  A gnoll bouda (D:9)
  2 iguanas (D:6)
  Natasha (thrice) (D:2)
  7 hell rats (Lair:5)
  26 orc wizards
  6 adders
  5 gnolls (D:9)
  2 shadow imps
  2 white imps
  2 ufetubi
  A worm (D:2)
  2 dart slugs
  110 orcs
  4 ball pythons
  5 bats
  7 endoplasms
  7 giant cockroaches
  12 goblins
  6 hobgoblins
  2 jackals (D:5)
  5 quokkas
  2 frilled lizards (D:1)
  35 kobolds
  7 rats
  A bush (Lair:5)
1764 creatures vanquished.

Vanquished Creatures (others)
  A deep elf pyromancer (Elf:2)
  A deep elf zephyrmancer (Elf:1)
  A tengu conjurer (WizLab)
  A merfolk (Shoals:4)
  An orc warrior (Orc:1)
  An orc priest (Orc:1)
  42 bushes (Lair:5)
  26 fungi
  49 plants
  8 toadstools (Lair:2)
131 creatures vanquished.

Grand Total: 1895 creatures vanquished

Notes
Turn   | Place    | Note
-------+----------+-------------------------------------------
     0 | D:1      | DEFE the Formicid Fighter began the quest for the Orb.
     0 | D:1      | Reached XP level 1. HP: 18/18 MP: 1/1
    94 | D:1      | Reached XP level 2. HP: 24/24 MP: 2/2
   211 | D:1      | Reached skill level 3 in Axes
   336 | D:1      | Reached XP level 3. HP: 29/29 MP: 3/3
   883 | D:2      | Noticed Natasha
   889 | D:2      | Killed Natasha
   890 | D:2      | Reached skill level 1 in Evocations
   890 | D:2      | Reached XP level 4. HP: 21/35 MP: 4/4
   890 | D:2      | Noticed Natasha
   895 | D:2      | Killed Natasha
   896 | D:2      | Reached skill level 4 in Axes
  1041 | D:2      | Noticed Natasha
  1045 | D:2      | Killed Natasha
  1046 | D:2      | Reached XP level 5. HP: 35/41 MP: 5/5
  1242 | D:3      | Found a glowing silver altar of Zin.
  1353 | D:3      | Identified a scroll of acquirement
  1358 | D:3      | Acquired the amulet "Zotopepei" {rElec Regen+}
  1497 | D:3      | Identified the ring "Nizak" {Wiz SInv}
  1769 | D:3      | Found a sparkling altar of Nemelex Xobeh.
  2103 | D:4      | Reached XP level 6. HP: 17/47 MP: 6/6
  2226 | D:4      | Reached skill level 5 in Axes
  2320 | D:4      | Found an ancient bone altar of Kikubaaqudgha.
  2734 | D:5      | Entered Level 5 of the Dungeon
  2855 | D:5      | Reached XP level 7. HP: 41/52 MP: 7/7
  2945 | D:5      | Found a shimmering altar of Xom.
  3265 | D:5      | Found Caacs's General Store.
  3283 | D:5      | Bought a scroll of identify for 24 gold pieces
  3575 | D:6      | Found a runed translucent door.
  3617 | D:6      | Reached skill level 6 in Axes
  3617 | D:6      | Reached skill level 5 in Evocations
  3693 | D:6      | Reached XP level 8. HP: 56/58 MP: 8/8
  3713 | D:6      | Found a staircase to the Ecumenical Temple.
  3729 | Temple   | Entered the Ecumenical Temple
  3844 | D:6      | Found a shadowy altar of Dithmenos.
  3872 | D:6      | Noticed Bnni's ghost (novice DEHu)
  4093 | D:6      | Reached skill level 7 in Axes
  4228 | D:6      | Noticed Blork the orc
  4234 | D:6      | Killed Blork the orc
  4235 | D:6      | Found Bathas's Magic Scroll Boutique.
  4267 | D:6      | Bought a scroll of identify for 22 gold pieces
  4267 | D:6      | Bought a scroll of identify for 22 gold pieces
  4267 | D:6      | Bought a scroll of identify for 22 gold pieces
  4360 | D:6      | Reached XP level 9. HP: 57/64 MP: 9/9
  4363 | D:6      | Reached skill level 8 in Axes
  4529 | D:7      | Found a flagged portal.
  4594 | D:7      | Found an iron altar of Okawaru.
  4595 | D:7      | Found a glowing golden altar of the Shining One.
  4608 | D:7      | Became a worshipper of Warmaster Okawaru
  4636 | Bailey   | Entered a bailey
  4641 | Bailey   | Noticed an orc warlord
  4752 | Bailey   | Reached skill level 9 in Axes
  4752 | Bailey   | Reached skill level 1 in Invocations
  4815 | Bailey   | Found a runed translucent gate.
  4818 | Bailey   | Found a runed translucent gate.
  4820 | Bailey   | Found a runed translucent gate.
  4841 | Bailey   | Acquired the +3 Mad Mage's Maulers {Infuse+∞ VampMP -Cast}
  4841 | Bailey   | Found the +3 Mad Mage's Maulers {Infuse+∞ VampMP -Cast}
  5006 | Bailey   | Killed an orc warlord
  5006 | Bailey   | Reached * piety under Okawaru
  5007 | Bailey   | Reached skill level 10 in Axes
  5007 | Bailey   | Reached skill level 5 in Invocations
  5007 | Bailey   | Reached XP level 10. HP: 37/70 MP: 2/14
  5699 | D:8      | Noticed Prince Ribbit
  5705 | D:8      | Killed Prince Ribbit
  5807 | D:8      | Found a basalt altar of Yredelemnul.
  5832 | D:8      | Noticed Maggie
  5843 | D:8      | Killed Maggie
  5843 | D:8      | Reached ** piety under Okawaru
  5971 | D:8      | Noticed Pikel
  5988 | D:8      | Killed Pikel
  6150 | D:8      | Noticed fly's ghost (novice DgDe)
  6152 | D:8      | Reached skill level 5 in Armour
  6323 | D:8      | Found an ornate altar of the Wu Jian Council.
  6366 | D:8      | Found a runed translucent gate.
  6366 | D:8      | Found a runed translucent gate.
  6366 | D:8      | Found a runed translucent gate.
  6906 | D:9      | Reached skill level 11 in Axes
  6913 | D:9      | Reached *** piety under Okawaru
  7139 | D:9      | Noticed Maurice
  7143 | D:9      | Killed Maurice
  7144 | D:9      | Reached XP level 11. HP: 75/75 MP: 15/17
  7191 | D:9      | Noticed a two-headed ogre
  7194 | D:9      | Killed a two-headed ogre
  7574 | D:9      | Found a sacrificial altar of Ru.
  7785 | D:10     | Entered Level 10 of the Dungeon
  8463 | D:10     | Found a staircase to the Orcish Mines.
  8679 | D:10     | Noticed a tengu warrior
  8679 | D:10     | Noticed a tengu warrior
  8685 | D:10     | Killed a tengu warrior
  8691 | D:10     | Killed a tengu warrior
  8900 | D:10     | Found a runed translucent door.
  8905 | D:10     | Reached **** piety under Okawaru
  8918 | D:10     | Reached skill level 12 in Axes
  8922 | D:10     | Noticed an orc knight
  8928 | D:10     | Noticed an orc knight
  8958 | D:9      | Killed an orc knight
  8959 | D:9      | Reached skill level 10 in Invocations
  9172 | D:10     | Killed an orc knight
  9172 | D:10     | Reached ***** piety under Okawaru
  9173 | D:10     | Reached XP level 12. HP: 74/81 MP: 2/19
  9543 | D:10     | Reached skill level 10 in Fighting
  9543 | D:10     | Reached XP level 13. HP: 103/103 MP: 20/20
  9848 | D:11     | Found a staircase to the Lair.
 10877 | D:11     | Reached skill level 13 in Axes
 10885 | D:11     | Received a gift from Okawaru
 11028 | D:11     | Identified the +11 scale mail of the Assorted Mouths {rF+
                  | Will+ SInv}
 11130 | D:11     | Reached skill level 10 in Armour
 11676 | D:11     | Noticed a centaur warrior
 11677 | D:11     | Noticed a yaktaur captain
 11683 | D:11     | Killed a yaktaur captain
 11688 | D:11     | Killed a centaur warrior
 12423 | Lair:1   | Entered Level 1 of the Lair of Beasts
 12908 | Lair:1   | Reached XP level 14. HP: 110/110 MP: 3/23
 14236 | Lair:2   | Found a frozen archway.
 14244 | IceCv    | Entered an ice cave
 14262 | IceCv    | Received a gift from Okawaru
 14416 | IceCv    | Reached skill level 14 in Axes
 14991 | IceCv    | Received a gift from Okawaru
 15131 | IceCv    | Got the Parchment of Ironbound Modification
 15993 | Lair:2   | Found a hole to the Spider Nest.
 16584 | Lair:2   | Found a runed translucent door.
 16963 | Lair:2   | Identified the +7 trident of Owiwn {venom, +Blink Will+}
 17188 | Lair:2   | Reached XP level 15. HP: 115/115 MP: 3/25
 17922 | Lair:3   | Reached skill level 15 in Axes
 17922 | Lair:3   | Reached skill level 5 in Shields
 18705 | Lair:3   | Noticed Amaemon
 18711 | Lair:3   | Killed Amaemon
 19076 | Lair:3   | Reached skill level 15 in Invocations
 19423 | Lair:4   | Found a staircase to the Slime Pits.
 19423 | Lair:4   | Found a viscous altar of Jiyva.
 20554 | Lair:5   | Entered Level 5 of the Lair of Beasts
 21009 | Lair:5   | Identified the +3 giant club of Karma {holy, Fragile Str+2
                  | Dex+3 Stlth+} (Okawaru gifted it to you on level 5 of the
                  | Lair of Beasts)
 21009 | Lair:5   | Received a gift from Okawaru
 22141 | Lair:5   | Reached skill level 16 in Axes
 23350 | Lair:5   | Reached XP level 16. HP: 122/122 MP: 2/28
 23883 | D:12     | You are sucked into a shaft and drop 3 floors!
 23883 | D:15     | Entered Level 15 of the Dungeon
 23912 | D:15     | Received a gift from Okawaru
 23952 | D:15     | Reached skill level 10 in Shields
 26841 | D:13     | Found a portal to a secret trove of treasure.
 27318 | D:13     | Found a gate to the Vaults.
 27322 | D:13     | Reached skill level 17 in Axes
 27325 | D:13     | Identified the +1 cloak of Heopp {-Tele rElec rCorr Str+3
                  | Stlth+} (Okawaru gifted it to you on level 13 of the
                  | Dungeon)
 27325 | D:13     | Received a gift from Okawaru
 27602 | D:13     | Noticed Azrael
 27614 | D:13     | Killed Azrael
 27886 | D:13     | Found a runed translucent gate.
 27886 | D:13     | Found a runed translucent gate.
 27886 | D:13     | Found an opulent altar of Gozag.
 27886 | D:13     | Found a runed translucent gate.
 27888 | D:13     | Noticed Ijustatesigmund's ghost (journeyman DECj)
 28525 | D:14     | Acquired a manual of Transmutations
 29865 | D:15     | Reached XP level 17. HP: 106/128 MP: 3/29
 30665 | D:15     | Found a staircase to the Depths.
 30917 | Orc:1    | Entered Level 1 of the Orcish Mines
 31533 | Orc:2    | Entered Level 2 of the Orcish Mines
 31867 | Orc:2    | Received a gift from Okawaru
 31880 | Orc:2    | Reached skill level 18 in Axes
 31886 | Orc:2    | Received a gift from Okawaru
 31917 | Orc:2    | Reached skill level 15 in Shields
 31918 | Orc:2    | Identified the +2 broad axe "Ampedout" {freeze, rN+ Str+3}
                  | (Okawaru gifted it to you on level 2 of the Orcish Mines)
 31918 | Orc:2    | Received a gift from Okawaru
 32148 | Orc:2    | Noticed Snorg
 32158 | Orc:2    | Killed Snorg
 32295 | Orc:2    | Found Emiozur's Armour Shop.
 32313 | Orc:2    | Found Titiab Lupn's Antique Weapon Shop.
 32473 | Orc:2    | Found Cuapt's Book Boutique.
 32485 | Orc:2    | Found Kebbos's General Store.
 32493 | Orc:2    | Found a staircase to the Elven Halls.
 32641 | Orc:2    | Bought a manual of Axes for 1120 gold pieces
 32644 | Orc:2    | Found Nongud Cus's Armour Shop.
 32645 | Orc:2    | Found Ynips's Book Shoppe.
 32645 | Orc:2    | Found Uplimah's Jewellery Shop.
 32645 | Orc:2    | Found Wiheex's Distillery.
 32924 | Orc:2    | Bought a +1 pair of boots of flying for 247 gold pieces
 33789 | Orc:2    | Bought a ring of poison resistance for 220 gold pieces
 33918 | Spider:1 | Entered Level 1 of the Spider Nest
 34085 | Spider:1 | Reached skill level 19 in Axes
 34380 | Spider:1 | Received a gift from Okawaru
 34380 | Spider:1 | Found the +3 pair of seven-league boots {Rampage+∞}
 34728 | Spider:1 | Identified the +0 robe "Dascheah" {Harm Int+3 Dex+2}
 34825 | Spider:1 | Reached XP level 18. HP: 133/135 MP: 4/30
 35075 | Spider:2 | Reached skill level 20 in Axes
 35132 | Spider:2 | Identified the ring of Baoscha {Str+4 Int+2 Dex-2 SInv}
 35847 | Spider:2 | Identified the +7 quarterstaff "Xocun" {holy, Fly rElec
                  | Str+6}
 36203 | Spider:3 | Reached skill level 21 in Axes
 37093 | Spider:3 | Noticed Aizul
 37103 | Spider:3 | Killed Aizul
 37537 | Spider:4 | Entered Level 4 of the Spider Nest
 37703 | Spider:4 | Identified the amulet of Suoriahe {Reflect +Blink SH+5}
 37735 | Spider:4 | Reached skill level 22 in Axes
 37877 | Spider:4 | Found a runed translucent gate.
 38048 | Spider:4 | Found a runed translucent gate.
 38048 | Spider:4 | Found a runed translucent gate.
 38058 | Spider:4 | Noticed Querens's ghost (adept SpEn)
 38075 | Spider:4 | Received a gift from Okawaru
 38087 | Spider:4 | Reached XP level 19. HP: 132/140 MP: 0/31
 38100 | Spider:4 | Killed Querens's ghost
 38340 | Spider:4 | Received a gift from Okawaru
 38632 | Spider:4 | Got a gossamer rune of Zot
 38657 | Spider:4 | Identified the +0 hat of the Ghostly Slorg {*Slow +Blink
                  | Regen+}
 39173 | Shoals:1 | Entered Level 1 of the Shoals
 40158 | Shoals:1 | Noticed Donald
 40163 | Shoals:1 | Killed Donald
 42628 | Shoals:3 | Reached skill level 23 in Axes
 44114 | Shoals:3 | Found Ysaj's Visitors' Centre.
 44119 | Shoals:3 | Found Ysaj's Merfolk Magic.
 44119 | Shoals:3 | Found Ysaj's Merfolk Armours.
 44119 | Shoals:3 | Found Ysaj's Merfolk Weapons.
 44295 | Shoals:3 | Bought a scarf of resistance for 480 gold pieces
 44360 | Shoals:4 | Entered Level 4 of the Shoals
 44545 | Shoals:4 | Reached XP level 20. HP: 147/147 MP: 7/32
 44583 | Shoals:4 | Noticed Kirke
 44604 | Shoals:4 | Killed Kirke
 44654 | Shoals:4 | Identified the +5 ring mail "Nadgh" {Str+3}
 45099 | Shoals:4 | Identified the amulet "Liedan" {RegenMP rC+}
 45226 | Shoals:4 | Identified the +7 falchion of Ambiguity {heavy, Fly rN+++
                  | Dex-4}
 45228 | Shoals:4 | Got a barnacled rune of Zot
 45523 | Vaults:1 | Entered Level 1 of the Vaults
 45523 | Vaults:1 | Found Ziesonue's General Store.
 45562 | Vaults:1 | Received a gift from Okawaru
 45581 | Vaults:1 | Reached skill level 24 in Axes
 47081 | Vaults:1 | Identified the +3 war axe "Epimut" {pain, Int+3} (Okawaru
                  | gifted it to you on level 1 of the Vaults)
 47081 | Vaults:1 | Received a gift from Okawaru
 47091 | Vaults:1 | Reached XP level 21. HP: 137/158 MP: 0/33
 49417 | Vaults:2 | Identified the +3 broad axe of Courage {flame, rPois Int+2
                  | SInv} (Okawaru gifted it to you on level 2 of the Vaults)
 49417 | Vaults:2 | Received a gift from Okawaru
 50215 | Vaults:2 | Reached skill level 25 in Axes
 50259 | Vaults:2 | Received a gift from Okawaru
 50286 | Vaults:2 | Identified the +1 robe "Edov Goh" {rC+ rN+} (Okawaru gifted
                  | it to you on level 2 of the Vaults)
 50286 | Vaults:2 | Received a gift from Okawaru
 50653 | Vaults:2 | Reached XP level 22. HP: 173/173 MP: 1/34
 51679 | Vaults:3 | Found a magical portal.
 51688 | WizLab   | Entered Iskenderun's Mystic Tower
 52039 | WizLab   | Reached skill level 15 in Fighting
 52354 | WizLab   | HP: 1/175 [disintegration (66)]
 52970 | WizLab   | Got Iskenderun's Codex of Battling
 52970 | WizLab   | Got Iskenderun's Guide on Assaults
 52980 | WizLab   | Got the Precepts of Immolation
 53645 | Vaults:3 | Noticed Nikola
 53653 | Vaults:3 | Killed Nikola
 54075 | Vaults:3 | Found a staircase to the Crypt.
 54075 | Vaults:3 | Found a basalt altar of Yredelemnul.
 54076 | Vaults:3 | Found an ancient bone altar of Kikubaaqudgha.
 54624 | Vaults:3 | Received a gift from Okawaru
 55511 | Vaults:4 | Reached skill level 26 in Axes
 56609 | Vaults:4 | Found Sienneju's Magic Scroll Shop.
 56612 | Vaults:4 | Found Gimewnio's Jewellery Emporium.
 56624 | Vaults:4 | Bought the ring "Ripn" {Fly rC++} for 630 gold pieces
 57724 | Vaults:4 | Found Buapp's Book Shop.
 57876 | Vaults:4 | Found Hestrewk's General Store.
 57883 | Vaults:4 | Bought a wand of digging (2) for 109 gold pieces
 57963 | Vaults:4 | Found a huge runed gate.
 57963 | Vaults:4 | Found a huge runed gate.
 57963 | Vaults:4 | Found a huge runed gate.
 57963 | Vaults:4 | Found a huge runed gate.
 57963 | Vaults:4 | Found a huge runed gate.
 57964 | Vaults:4 | Found a huge runed gate.
 57964 | Vaults:4 | Found a huge runed gate.
 57964 | Vaults:4 | Found a huge runed gate.
 57964 | Vaults:4 | Found a huge runed gate.
 57964 | Vaults:4 | Found a huge runed gate.
 57965 | Vaults:4 | Found a huge runed gate.
 57966 | Vaults:4 | Found a huge runed gate.
 57968 | Vaults:4 | Found a huge runed gate.
 57976 | Vaults:4 | Found a huge runed gate.
 57976 | Vaults:4 | Found a huge runed gate.
 57981 | Vaults:4 | Found a huge runed gate.
 57981 | Vaults:4 | Found a huge runed gate.
 57981 | Vaults:4 | Found a huge runed gate.
 57981 | Vaults:4 | Found a huge runed gate.
 57981 | Vaults:4 | Found a huge runed gate.
 57981 | Vaults:4 | Found a huge runed gate.
 57982 | Vaults:4 | Found a huge runed gate.
 57983 | Vaults:4 | Found a huge runed gate.
 57984 | Vaults:4 | Found a huge runed gate.
 57992 | Vaults:4 | Found a huge runed gate.
 57992 | Vaults:4 | Found a huge runed gate.
 57992 | Vaults:4 | Found a huge runed gate.
 57992 | Vaults:4 | Found a huge runed gate.
 57992 | Vaults:4 | Found a huge runed gate.
 57992 | Vaults:4 | Found a huge runed gate.
 58194 | Vaults:4 | Found a huge runed gate.
 58195 | Vaults:4 | Found a huge runed gate.
 58196 | Vaults:4 | Found a huge runed gate.
 58204 | Vaults:4 | Found a huge runed gate.
 58204 | Vaults:4 | Found a huge runed gate.
 58204 | Vaults:4 | Found a huge runed gate.
 58222 | Vaults:4 | Noticed Mara
 58234 | Vaults:4 | Noticed DEFE's illusion
 58248 | Vaults:4 | Killed Mara
 58711 | Vaults:4 | Reached XP level 23. HP: 187/187 MP: 5/35
 59172 | Elf:1    | Entered Level 1 of the Elven Halls
 60453 | Elf:1    | Identified Roxanne's Almanac of the Body
 60453 | Elf:1    | Noticed Roxanne
 60470 | Elf:1    | Killed Roxanne
 61900 | Elf:2    | Received a gift from Okawaru
 61938 | Elf:2    | Found Diseck's Weapon Emporium.
 62696 | Elf:2    | Found a runed translucent gate.
 62696 | Elf:2    | Found a runed translucent gate.
 62696 | Elf:2    | Found a runed translucent gate.
 62827 | Elf:2    | Reached skill level 27 in Axes
 63877 | Elf:3    | Entered Level 3 of the Elven Halls
 63881 | Elf:3    | Identified the +0 robe "Qedix" {rF++} (Okawaru gifted it to
                  | you on level 3 of the Elven Halls)
 63881 | Elf:3    | Received a gift from Okawaru
 65952 | Elf:3    | Reached XP level 24. HP: 139/202 MP: 1/35
 66339 | Elf:3    | Identified the ring of Yseat {Fly rC+ Str+6 Dex-5 Stlth+}
 66360 | Elf:3    | Identified the ring "Dazupt" {rElec EV+5}
 66527 | Elf:3    | Identified the +3 swamp dragon scales "Voijepra" {Fly rPois
                  | MP+9 Str+4 Stlth+}
 66557 | Elf:3    | Identified the +1 pair of boots "Usket" {rElec rC+ Str+2}
 66559 | Elf:3    | Got the Grimoire of the Altered Arsonist
 66563 | Elf:3    | Got the Precepts of the Storm
 66705 | Elf:3    | Identified the +2 scale mail of Osilin {rN+ Regen+ Int-5}
 67134 | Depths:1 | Entered Level 1 of the Depths
 67285 | Depths:1 | Found a one-way gate to the infinite horrors of the Abyss.
 67298 | Depths:1 | Received a gift from Okawaru
 67525 | Depths:1 | Reached skill level 15 in Armour
 68032 | Depths:1 | Found a gateway to Hell.
 68902 | Depths:2 | Noticed Grunn
 68913 | Depths:2 | Identified the +10 chain mail of Noughts and Crosses
                  | {+Blink} (Okawaru gifted it to you on level 2 of the
                  | Depths)
 68913 | Depths:2 | Received a gift from Okawaru
 68923 | Depths:2 | Killed Grunn
 68939 | Depths:1 | HP: 1/175 [reaper/+2 vampiric scythe[a doom hound] (26)]
 69184 | Depths:2 | Killed from afar by a Tzitzimitl

Illustrated notes

Levels and vault maps discovered:
D:1:      amcnicky_arrival_underground_garden, layout_rooms, minmay_pentomino_q2
D:2:      layout_rooms, serial_corexii_hall, chequers_hall_statues_y,
          corexii_hall_statues_t, hex_medium, uniq_natasha
D:3:      layout_loops_ring, lemuel_doored_altar, nemelex_diamond_rough_becter,
          serial_rivers, chequers_serial_rivers_micro_d,
          chequers_serial_rivers_micro_a, chequers_serial_rivers_room_b,
          chequers_serial_rivers_room_b
D:4:      layout_cave_pods, kennysheep_little_box,
          nicolae_elevator_lobby_asterisk
D:5:      layout_basic, mainiacjoe_overflow_24_doors, serial_shops, shop,
          hangedman_abyss_or_decor_slice
D:6:      minmay_chambers_of_threes, layout_basic,
          nicolae_dithmenos_through_a_glass_darkly, temple_fountains,
          ebering_ghost_sewer_d, nicolae_stop_n_shop_2, uniq_blork_the_orc
D:7:      layout_loops_ring, grunt_temple_overflow_open, enter_bailey_5
D:8:      layout_cave_pools, mainiacjoe_overflow_six_doors_small,
          mainiacjoe_overflow_paths, gammafunk_ghost_icy, uniq_pikel,
          uniq_prince_ribbit1, uniq_maggie
D:9:      layout_loops_cross, nicolae_ru_path_of_blood, uniq_maurice
D:10:     layout_roguey, orc_0_dummy, special_room [special_room_orc],
          chequers_serial_rivers_micro_a, lightli_church_of_beogh
D:11:     nzn_winding_woodlands_large [nzn_winding_woodlands_5x5_cross,
          nzn_winding_woodlands_5x15_concentric,
          nzn_winding_woodlands_5x5_three, nzn_winding_woodlands_center_lodge,
          nzn_winding_woodlands_15x15_eel_pit,
          nzn_winding_woodlands_center_diamonds,
          nzn_winding_woodlands_5x5_closed_star,
          nzn_winding_woodlands_5x15_zeroes, nzn_winding_woodlands_hourglass],
          layout_layer_cave, dpeg_lair_monsters
D:12:     layout_roguey [special_room_orc], gauntlet_entry_generic
D:13:     layout_roguey, grunt_vaults_entry_tiered, ebering_ghost_gozag,
          nicolae_trove_entry_free_sample, minivault_22,
          hangedman_decor_slide_cut, uniq_azrael
D:14:     layout_basic, infiniplex_staircase_river, serial_aquarium,
          aquarium_bridge_long_separate [aquarium_subvault_bridge,
          aquarium_subvault_wall, aquarium_subvault_wall,
          aquarium_subvault_bridge, aquarium_subvault_window,
          aquarium_subvault_window], aquarium_window_fake,
          aquarium_window_double, aquarium_window_corridor_1, aquarium_window_1,
          aquarium_view_2b
D:15:     grunt_enter_depths_hoard, layout_grid_maze,
          nicolae_figureground_sparkle
Temple:   nicolae_temple_ecumenical_triangle
Lair:1:   layout_gridlike, beast_lair_carwin_6, infiniplex_staircase_pool
Lair:2:   gammafunk_lair_enchanted_lake, layout_regular_city,
          spider_nest_entry_webs, portal_ice_cave_entry_pillars_2, st_stairs_7
Lair:3:   layout_gridlike, nicolae_shoals_entry_flooding,
          infiniplex_staircase_pool_2, lemuel_fruit_tree, uniq_amaemon
Lair:4:   layout_loops_ring, slime_entry_1, grunt_megastairs_5
Lair:5:   minmay_lair_end_enchanted_forest, layout_hall_layers,
          minmay_hedge_maze, serial_bayou_shore_b, grunt_megastairs_1
Shoals:1: layout_shoals, nicolae_shoals_goliath_grotto, uniq_donald
Shoals:2: layout_shoals
Shoals:3: nicolae_shoals_mermall, layout_shoals
Shoals:4: shoals_end_hellmonk_lost_city, uniq_kirke
Spider:1: layout_spider_delve
Spider:2: layout_spider_delve, drop_trap
Spider:3: layout_spider_delve, nicolae_spider_jagged_tunnels, uniq_aizul
Spider:4: guppyfry_spider_rune, gammafunk_ghost_necromancy
Orc:1:    layout_caves, mines2_david
Orc:2:    st_orc_ogre_mass, layout_caves, serial_shops, shop,
          nicolae_shop_behind_doors, shop_statue, shop, uniq_snorg
Elf:1:    layout_loops_corners, kennysheep_underground_church,
          solitary_fountain, grunt_ministairs_6, uniq_roxanne
Elf:2:    nicolae_elf_blades_splatter_lattice
          [nicolae_blade_entry_area_security], layout_geoelf_grid, serial_shops,
          nicolae_diamond_shop, nicolae_elf_glass_and_crystal_pillar_1
Elf:3:    minmay_elf_hall_x, layout_geoelf_diagonals
Vaults:1: vaults_mumra_minichess_inversion, v_rooms_4, ontoclasm_vaults_tryst,
          ontoclasm_vaults_claustrophobia, v_misc_11, v_misc_24, v_misc_27,
          v_rooms_4, vaults_mumra_lcd, nicolae_vaults_alarming,
          layout_vaults_chaotic_city, serial_shops, shop
Vaults:2: v_alt_pattern_2, vaults_mumra_hex, nicolae_vaults_network_square,
          v_rooms_1, hangedman_vaults_locks, v_misc_23, nicolae_vaults_arrows,
          v_misc_14, ontoclasm_vaults_twist, grunt_vaults_hallway_short,
          vaults_room_hangedman_quadrants, layout_vaults_omnibox
Vaults:3: mu_enter_wizlab_3, nicolae_vaults_an_arrangement,
          minmay_crypt_entry_necro_gods, v_misc_25, v_misc_13,
          nicolae_vaults_circle_grid_a, vaults_standard_mumra_enter_the_diamond,
          nicolae_vaults_mini_display_case, v_misc_15, v_misc_2,
          vaults_dpeg_ring, layout_vaults_big_cross, uniq_nikola
Vaults:4: v_alt_pattern_1, v_alt_pattern_1, ontoclasm_vaults_pinch, v_misc_18,
          not_door_vault_due, nicolae_vaults_little_squares_5,
          hangedman_vaults_cutoff, nicolae_vaults_gold_heap,
          nicolae_vaults_network_periphery, nicolae_vaults_three_branches,
          vaults_room_hallway, layout_vaults_omnigrid, serial_shops, shop,
          shop_statue, nicolae_shop_window_shopping, shop, uniq_mara
Depths:1: layout_basic, abyss_entry, hangedman_coc_ice_floe,
          hangedman_decor_points, ebering_dispersal_statue_hall,
          kennysheep_small_circle
Depths:2: evilmike_silver_temple, layout_gridlike, enter_ziggurat_d,
          hellmouth_1, pan_entry, lemuel_flamethrower_1, uniq_grunn,
          uniq_bai_suzhen

Skill      XL: |  1  2  3  4  5  6  7  8  9 10 11 12 13 14 15 16 17 18 19 20 21 22 23 24 |
---------------+-------------------------------------------------------------------------+-----
Axes           | 3 4 5 6 7 10 11 12 13 14 16 17 19 22 23 24 25 26 27 | 27.0
Evocations     | 1 2 3 4 5 7 8 |  8.7
Invocations    | 5 8 10 12 14 16 | 16.0
Armour         | 5 8 10 12 13 17 | 17.6
Fighting       | 10 11 14 17 19 20 | 20.3
Shields        | 9 13 16 19 21 22 | 22.7

Action                     |  1- 3 |  4- 6 |  7- 9 | 10-12 | 13-15 | 16-18 | 19-21 | 22-24 || total
---------------------------+-------+-------+-------+-------+-------+-------+-------+-------++-------
  Melee: War axe           |    97 |   125 |   270 |       |       |       |       |       ||   492
         Broad axe         |       |       |     4 |       |     4 |     2 |       |       ||    10
         Battleaxe         |       |       |       |   180 |   594 |   916 |   975 |   904 ||  3569
  Throw: Dart              |       |       |       |     1 |       |       |       |       ||     1
 Invoke: Heroism           |       |       |       |     9 |    19 |    24 |    22 |    17 ||    91
         Finesse           |       |       |       |       |       |     1 |     4 |     2 ||     7
Ability: Dig               |       |       |       |       |       |     1 |       |     2 ||     3
  Evoke: Wand              |       |     3 |     9 |     2 |     1 |       |       |     1 ||    16
         Condenser vane    |       |       |       |       |     1 |       |     3 |     2 ||     6
         Phial of floods   |       |       |       |       |       |     1 |       |     1 ||     2
    Use: Scroll            |       |     8 |    12 |     3 |     8 |     5 |     1 |    11 ||    48
         Potion            |       |       |       |     1 |     1 |     3 |     3 |     3 ||    11
   Stab: Sleeping          |       |       |       |     2 |       |       |       |       ||     2
         Distracted        |       |       |       |       |       |       |     2 |       ||     2
 Armour: Scale mail        |    47 |    69 |   128 |     5 |   326 |   473 |   368 |   254 ||  1670
         Steam dragon scal |       |       |       |    39 |       |       |       |       ||    39
         Ring mail         |       |       |       |    10 |    23 |       |       |       ||    33
  Dodge: Dodged            |    50 |    63 |   136 |    99 |   270 |   335 |   246 |   194 ||  1393
  Block: Buckler           |    22 |    33 |    70 |    48 |   155 |   343 |    67 |       ||   738
         Kite shield       |       |       |       |       |       |       |   480 |   439 ||   919
         Reflection        |       |       |       |       |       |       |    65 |    58 ||   123

Table legend: (Time is in decaauts)
 A = Elapsed time spent in this place.
 B = Non-inter-level travel time spent in this place.
 C = Inter-level travel time spent in this place.
 D = Time resting spent in this place.
 E = Time spent auto-exploring this place.
 F = Levels seen in this place.
 G = Mean time per level.
                   A        B        C        D        E       F      G
               +--------+--------+--------+--------+--------+-----+--------+
         Total |  68674 |  65911 |   2763 |   6703 |  51701 |  43 | 1597.1 |
       Dungeon |  19487 |  18243 |   1244 |   1274 |  14369 |  15 | 1299.1 |
        Temple |     38 |     35 |      3 |      0 |     30 |   1 |   38.0 |
          Lair |  10106 |   9781 |    325 |    537 |   8484 |   5 | 2021.2 |
        Shoals |   6316 |   5952 |    364 |    789 |   4439 |   4 | 1579.0 |
   Spider Nest |   4867 |   4712 |    155 |    413 |   3568 |   4 | 1216.8 |
  Orcish Mines |   2981 |   2781 |    200 |      0 |   2505 |   2 | 1490.5 |
   Elven Halls |   7603 |   7503 |    100 |    423 |   6485 |   3 | 2534.3 |
        Vaults |  11431 |  11093 |    338 |    933 |   9314 |   4 | 2857.8 |
        Depths |   2001 |   1971 |     30 |    520 |   1245 |   2 | 1000.5 |
        Bailey |    455 |    455 |      0 |     81 |    144 |   1 |  455.0 |
      Ice Cave |   1556 |   1556 |      0 |    515 |    774 |   1 | 1556.0 |
        Wizlab |   1828 |   1828 |      0 |   1218 |    342 |   1 | 1828.0 |
               +--------+--------+--------+--------+--------+-----+--------+

Top non-repeatable levels by time:
Vaults:4: 3391 daAuts
  Lair:5: 3235 daAuts
Vaults:1: 3229 daAuts
   Elf:3: 2956 daAuts
    D:11: 2869 daAuts
Vaults:2: 2800 daAuts
   Elf:1: 2410 daAuts
   Elf:2: 2237 daAuts
    D:13: 2146 daAuts
  Lair:2: 2031 daAuts
    D:15: 2012 daAuts
Vaults:3: 2010 daAuts
Shoals:2: 1933 daAuts
  Lair:1: 1866 daAuts
Depths:1: 1842 daAuts
